 Dungeon Crawl Stone Soup version 0.30.0-29-ga12c61a403 (webtiles) character file.

Game seed: 3562099859952321064

35 Fecro the Sneak (level 3, 0/18 HPs)
             Began as a Spriggan Brigand on June 23, 2023.
             Succumbed to an adder's poison
             ... on level 1 of the Dungeon.
             The game lasted 00:03:33 (1010 turns).

Fecro the Sneak (Spriggan Brigand)                  Turns: 1010, Time: 00:03:34

Health: 0/18       AC:  3    Str:  7    XL:     3   Next: 16%
Magic:  4/4        EV: 16    Int: 12    God:
Gold:   75         SH:  0    Dex: 18    Spells: 2/2 levels left

rFire   . . .        a - +2 dagger
rCold   . . .        (no shield)
rNeg    . . .        b - +0 robe
rPois   .            (helmet restricted)
rElec   .            c - +0 cloak
rCorr   .            (gloves unavailable)
SInv    +            (boots unavailable)
Will    .....        (no amulet)
Stlth   ++++         m - ring of flight
HPRegen 0.23/turn    (no ring)
MPRegen 0.09/turn

%: no passive effects
@: lethally poisoned (0 -> -2), attractive, flying, very quick
A: very small, no large weapons, unfitting armour, see invisible, speed 3
a: no special abilities


You were on level 1 of the Dungeon.
You visited 1 branch of the dungeon, and saw 2 of its levels.

You collected 75 gold pieces.

Inventory:

Hand Weapons
 a - a +2 dagger (weapon)
 k - a +0 sling
Missiles
 d - 9 poisoned darts (quivered)
 e - 3 curare-tipped darts
 i - 16 stones
Armour
 b - a +0 robe (worn)
 c - a +0 cloak (worn)
Jewellery
 m - a ring of flight (left hand)
 o - a +4 ring of protection
Scrolls
 f - 2 scrolls of identify {unknown}
 g - a scroll of blinking {unknown}
 n - a scroll of immolation {unknown}
Potions
 h - a potion of degeneration {unknown}
 j - a potion of ambrosia {unknown}
 l - a potion of attraction
 p - 2 potions of flight {unknown}
 q - a potion of heal wounds {unknown}


   Skills:
 + Level 1.6 Fighting
 + Level 2.3 Short Blades
 * Level 2.3 Throwing
 + Level 1.3 Dodging
 * Level 7.2 Stealth


You had 2 spell levels left.
You didn't know any spells.
Your spell library contained the following spells:

 Spells                   Type           Power      Damage    Failure   Level
 Conjure Ball Lightning   Conj/Air       0%         3x3d6     100%        6
 Discord                  Hex            0%         N/A       100%        8
 Disjunction              Tloc           0%         N/A       100%        8


Dungeon Overview and Level Annotations

Branches:
Dungeon (2/15)

Altars:
Vehumet


Innate Abilities, Weirdness & Mutations

You are very small and have problems with some larger weapons.
You are too small for most types of armour.
You have supernaturally acute eyesight. (SInv)
You cover ground extremely quickly. (Speed+++)


Message History

The adder is heavily wounded.
The adder bites you.
You are too injured to fight recklessly!
There is a stone staircase leading up here.
You fly upwards.
There is a stone staircase leading down here.
You start resting.
HP restored.
You fly downwards.
The adder barely misses you. The adder bites you.
There is a stone staircase leading up here.
You hit the adder.
The adder is heavily wounded.
The adder misses you.
You barely miss the adder.
The adder is heavily wounded.
The adder bites you.
You are poisoned.
The adder poisons you!
You hit the adder.
The adder is heavily wounded.
You feel sick. The adder completely misses you.
You hit the adder.
The adder is severely wounded.
The adder bites you.
You are too injured to fight recklessly!
You feel sick. The adder bites you.
* * * LOW HITPOINT WARNING * * *
You are lethally poisoned!
The adder poisons you! The adder bites you but does no damage.
You fly upwards.
* * * LOW HITPOINT WARNING * * *
You feel very sick.
There is a stone staircase leading down here.
* * * LOW HITPOINT WARNING * * *
You feel sick.
* * * LOW HITPOINT WARNING * * *
You feel sick.
It was a potion of attraction.
You feel attractive to monsters.
You die...

#########.....P.P♣P..P..# ###.#
#..PP♣...P<.P♣.P# #.#
#....PPP.P..♣PP.##### #.. ##
#.....PP............# #.#
.########.##.......P...####.# #..
..........##.........P...##.# #.#
..##########.#........P...#.###..
....#####....>S....PPPPP..#......
##...#....######@..♣P.P......##..
..#.....#.### ##..PP♣.......####
..###.......# #...P..##......##
..#..#.##.#.# ##........##.#.##
##...#.##.#.## ####...######.#.##
.....#.##....###.......# #.....
..###...##.............# ###.##
.#...#.###...##........# #.#
##...#.......##........# #.#


You could see an adder.

Vanquished Creatures
  3 bats
  2 endoplasms (D:1)
  4 giant cockroaches (D:1)
  2 goblins (D:1)
  4 hobgoblins (D:1)
  4 jackals (D:1)
  3 kobolds (D:1)
  A quokka (D:1)
  4 ball pythons
  2 rats (D:1)
29 creatures vanquished.

Notes
Turn   | Place    | Note
-------+----------+-------------------------------------------
     0 | D:1      | Fecro the Spriggan Brigand began the quest for the Orb.
     0 | D:1      | Reached XP level 1. HP: 10/10 MP: 2/2
    10 | D:1      | You fall into a shaft and drop 1 floor!
    33 | D:2      | Reached skill level 6 in Stealth
   114 | D:1      | Reached XP level 2. HP: 14/14 MP: 3/3
   207 | D:1      | Reached skill level 7 in Stealth
   560 | D:1      | Reached XP level 3. HP: 18/18 MP: 4/4
   907 | D:2      | Found a radiant altar of Vehumet.
  1010 | D:1      | Succumbed to an adder's poison

Illustrated notes

Levels and vault maps discovered:
D:1:      spicycebolla_arrival_clurvy, layout_loops_cross,
          kennysheep_flooded_box, minmay_misc_feat_ornament, nicolae_titane
D:2:      layout_loops_cross, basic_altar, ebering_ecumenical_altar_webs,
          chequers_serial_rivers_micro_b

Skill      XL: |  1  2 |
---------------+-------+-----
Stealth        | 6 7 |  7.2
Fighting       | |  1.6
Short Blades   | |  2.3
Throwing       | |  2.3
Dodging        | |  1.3

Action                     || total
---------------------------++-------
  Melee: Dagger            ||   105
    Use: Potion            ||     1
   Stab: Sleeping          ||    11
 Armour: Robe              ||    19
  Dodge: Dodged            ||    59
